 Dungeon Crawl Stone Soup version 0.28-a0-1374-ga75cb3825e (webtiles) character file.

Game seed: 2287101648736346433

184 ders the Digger (level 5, 0/28 HPs)
             Began as a Gargoyle Earth Elementalist on Dec 31, 2021.
             Slain by an ufetubus (3 damage)
             ... on level 4 of the Dungeon.
             The game lasted 00:06:25 (3728 turns).

ders the Digger (Gargoyle Earth Elementalist)       Turns: 3728, Time: 00:06:25

Health: 0/28       AC:  6    Str: 11      XL:     5   Next: 64%
Magic:  1/9        EV: 12    Int: 11 (18) God:
Gold:   130        SH:  0    Dex: 10      Spells: 6/10 levels left

rFire   . . .      SeeInvis .   e - +0 hand axe
rCold   . . .      Faith    .   c - orb {*channel}
rNeg    + . .      Spirit   .   b - +0 robe
rPois   ∞          Reflect  .   (no helmet)
rElec   +          Harm     .   (no cloak)
rCorr   .          Rampage  .   (no gloves)
Will    .....                   (no boots)
Stlth   +.........              (no amulet)
HPRegen 0.09/turn               (no ring)
MPRegen 0.11/turn               (no ring)

@: about to teleport, very slow
A: sickness immunity, AC +4, negative energy resistance 1, electricity
resistance, torment resistance 1, petrification resistance
a: no special abilities


You were on level 4 of the Dungeon.
You visited 1 branch of the dungeon, and saw 4 of its levels.

You collected 130 gold pieces.

Inventory:

Hand Weapons
 e - a +0 hand axe (weapon)
Missiles
 l - 16 stones
Armour
 b - a +0 robe (worn)
 c - an orb of energy (worn)
 d - a +1 buckler
Wands
 n - a wand of flame (32)
Scrolls
 a - a scroll of enchant armour
 g - a scroll of teleportation
Potions
 i - a potion of degeneration
 j - a potion of resistance {unknown}


   Skills:
 - Level 1.7 Dodging
 - Level 2.4 Stealth
 * Level 3.2 Spellcasting
 * Level 2.4 Conjurations
 - Level 1.0 Transmutations
 * Level 5.0 Earth Magic
 + Level 1.1 Evocations


You had 6 spell levels left.
You knew the following spells:

 Your Spells              Type           Power      Damage    Failure   Level
a - Sandblast             Erth           24%        2d8       3%          1
b - Stone Arrow           Conj/Erth      20%        3d8       17%         3

Your spell library contained the following spells:

 Spells                   Type           Power      Damage    Failure   Level
 Passwall                 Tmut/Erth      6%         N/A       11%         2
 Animate Skeleton         Necr           2%         N/A       26%         1
 Apportation              Tloc           2%         N/A       26%         1
 Summon Small Mammal      Summ           4%         N/A       26%         1
 Conjure Flame            Conj/Fire      4%         6-21      43%         3
 Ignite Poison            Fire/Tmut/Pois 2%         N/A       56%         3
 Petrify                  Tmut/Erth      8%         N/A       58%         4
 Animate Armour           Summ/Erth      14%        N/A       65%         4
 Sticky Flame             Conj/Fire      4%         2d3       83%         4
 Lehudib's Crystal Spear  Conj/Erth      5%         10d3      100%        8


Dungeon Overview and Level Annotations

Branches:
Dungeon (4/15)
 Temple: D:4-7

Altars:
Nemelex Xobeh
Vehumet

Annotations:
D:3 2 transporters, tonyyikes's ghost, amateur OpTm


Innate Abilities, Weirdness & Mutations

You are immune to sickness and miasma.
Your stone body is resilient. (AC +4)
You are immune to poison.
You resist negative energy. (rN+)
You are resistant to electric shocks. (rElec)
You are resistant to unholy torment.
You are immune to petrification.


Message History

Okay, then.
Okay, then.
You feel better.
The ufetubus hits you but does no damage. x2
The ball python barely misses you. The ball python constricts you.
The giant cockroach bites you but does no damage.
As you read the scroll of teleportation, it crumbles to dust.
You feel strangely unstable. The ufetubus closely misses you.
The ufetubus hits you but does no damage.
The ball python bites you but does no damage.
The ball python constricts you. The ufetubus completely misses you.
The ufetubus hits you but does no damage.
The giant cockroach barely misses you.
You hit the giant cockroach.
The giant cockroach is severely wounded.
You miss the ufetubus. You closely miss the ball python.
The ufetubus hits you but does no damage. x2
The ball python bites you but does no damage.
The ball python constricts you. The giant cockroach barely misses you.
The ufetubus hits you.
* * * LOW HITPOINT WARNING * * *
The ufetubus barely misses you.
The gnoll shaman calls upon its god to speed up the gnoll.
The gnoll seems to speed up.
The ball python bites you but does no damage.
The ball python constricts you.
You barely miss the giant cockroach.
The giant cockroach is severely wounded.
You closely miss the ufetubus. You hit the ball python.
You kill the ball python!
The giant cockroach barely misses you. The ufetubus closely misses you.
The ufetubus barely misses you.
The giant cockroach splashes around in the water.
The ufetubus hits you.
* * * LOW HITPOINT WARNING * * *
The ufetubus barely misses you.
You hit the giant cockroach.
You kill the giant cockroach!
You closely miss the ufetubus. The ufetubus hits you.
You die...

#......................
.......<...............
.......................
......###..............
...(..######...g.......
#...........S.g..g.####
..............##g......
...#########..##.......
..##≈≈@5gggg≈≈##.......
#.≈≈≈≈≈≈≈≈.####......
#..######### +......
#.. #...... ## #......
#...... #...... #......


You could see a gnoll shaman, 3 gnolls and an ufetubus.

Vanquished Creatures
  A phantom (D:2)
  3 adders
  2 worms
  5 dart slugs
  8 orcs
  7 endoplasms
  4 giant cockroaches
  3 goblins
  5 hobgoblins
  4 quokkas
  5 ball pythons
  5 bats
  2 frilled lizards (D:1)
  2 kobolds (D:1)
  2 rats (D:1)
58 creatures vanquished.

Notes
Turn   | Place    | Note
-------+----------+-------------------------------------------
     0 | D:1      | ders the Gargoyle Earth Elementalist began the quest for
                  | the Orb.
     0 | D:1      | Reached XP level 1. HP: 10/10 MP: 3/3
   341 | D:1      | Found a faded altar of an unknown god.
   468 | D:1      | Reached skill level 1 in Transmutations
   468 | D:1      | Reached XP level 2. HP: 15/15 MP: 3/5
   758 | D:1      | Reached skill level 4 in Earth Magic
   767 | D:1      | Reached XP level 3. HP: 10/19 MP: 1/6
   918 | D:1      | Learned a level 3 spell: Stone Arrow
  1083 | D:1      | Reached skill level 1 in Conjurations
  1510 | D:2      | Noticed a phantom
  1542 | D:2      | Killed a phantom
  1543 | D:2      | Reached skill level 1 in Evocations
  1543 | D:2      | Reached XP level 4. HP: 10/24 MP: 0/8
  1543 | D:2      | Reached XP level 5. HP: 11/28 MP: 0/9
  2576 | D:3      | Found a transporter.
  2671 | D:3      | Noticed tonyyikes's ghost (amateur OpTm)
  2674 | D:3      | Found a transporter.
  2706 | D:3      | Reached skill level 5 in Earth Magic
  3417 | D:3      | Found a radiant altar of Vehumet.
  3464 | D:4      | Found a sparkling altar of Nemelex Xobeh.
  3723 | D:4      | HP: 1/28 [giant cockroach (1)]
  3728 | D:4      | Slain by an ufetubus

Illustrated notes

Levels and vault maps discovered:
D:1:      dpeg_arrival_connections, layout_rooms,
          hellmonk_ecumenical_altar_blasted
D:2:      layout_rooms
D:3:      layout_loops_cross, mainiacjoe_overflow_alcove_1, serial_aquarium,
          aquarium_bridge_long_separate [aquarium_subvault_wall,
          aquarium_subvault_bridge, aquarium_subvault_bridge,
          aquarium_subvault_bridge, aquarium_subvault_window,
          aquarium_subvault_bridge], aquarium_window_fake,
          aquarium_window_corridor_1, aquarium_view_2b, gammafunk_ghost_arena
D:4:      layout_basic, nemelex_xobeh_ov_fountains_minmay, gup_sewer_entry_pipe,
          minmay_pentomino_pile

Skill      XL: |  1  2  3  4  5 |
---------------+----------------+-----
Transmutations | 1 |  1.0
Earth Magic    | 4 5 |  5.0
Conjurations   | 2 |  2.4
Spellcasting   | 3 |  3.2
Evocations     | 1 |  1.1
Dodging        | |  1.7
Stealth        | |  2.4

Action                   |  1- 3 |  4- 6 || total
-------------------------+-------+-------++-------
Melee: Unarmed           |     5 |       ||     5
       Hand axe          |    10 |    10 ||    20
 Cast: Sandblast         |    30 |    18 ||    48
       Stone Arrow       |    12 |    26 ||    38
  Use: Scroll            |       |     8 ||     8
       Potion            |       |     1 ||     1
Armor: Robe              |    15 |    38 ||    53
Dodge: Dodged            |    28 |    65 ||    93

Table legend: (Time is in decaauts)
 A = Elapsed time spent in this place.
 B = Non-inter-level travel time spent in this place.
 C = Inter-level travel time spent in this place.
 D = Time resting spent in this place.
 E = Time spent auto-exploring this place.
 F = Levels seen in this place.
 G = Mean time per level.
                   A        B        C        D        E       F      G
               +--------+--------+--------+--------+--------+-----+--------+
         Total |   3736 |   3611 |    125 |    853 |   2149 |   4 |  934.0 |
       Dungeon |   3736 |   3611 |    125 |    853 |   2149 |   4 |  934.0 |
               +--------+--------+--------+--------+--------+-----+--------+

Top non-repeatable levels by time:
     D:3: 1224 daAuts
     D:1: 1122 daAuts
     D:2: 1114 daAuts
     D:4: 274 daAuts
